 Dungeon Crawl Stone Soup version 0.28-b1-25-g9875b3fc8c (webtiles) character file.

Game seed: 11603942867838661122

28 mopl the Sneak (level 3, -1/26 HPs)
             Began as an Octopode Delver on Feb 8, 2022.
             Slain by an iguana (9 damage)
             ... on level 5 of the Dungeon.
             The game lasted 00:00:15 (53 turns).

mopl the Sneak (Octopode Delver)                      Turns: 53, Time: 00:00:15

Health: -1/26      AC:  1    Str: 11    XL:     3   Next: 12%
Magic:  3/3        EV: 13    Int: 12    God:
Gold:   0          SH:  0    Dex: 15    Spells: 2/2 levels left

rFire   . . .      SeeInvis .   a - +0 falchion
rCold   . . .      Faith    .   (no shield)
rNeg    . . .      Spirit   .   (helmet restricted)
rPois   .          Reflect  .   (no amulet)
rElec   .          Harm     .   (no ring)
rCorr   .          Rampage  .   (no ring)
Will    .....                   (no ring)
Stlth   +++++.....              (no ring)
HPRegen 0.08/turn               (no ring)
MPRegen 0.08/turn               (no ring)
                                (no ring)
                                (no ring)

@: no status effects
A: almost no armour, amphibious, 8 rings, camouflage 1, gelatinous body 1,
(nimble swimmer 1), tentacles
a: no special abilities


You were on level 5 of the Dungeon.
You visited 1 branch of the dungeon, and saw 1 of its levels.

Inventory:

Hand Weapons
 a - a +0 falchion (weapon)
Wands
 f - a wand of digging (3)
Scrolls
 b - a scroll of fog
 c - a scroll of magic mapping
 d - a scroll of fear
 g - a scroll of identify {unknown}
Potions
 e - a potion of haste


   Skills:
 + Level 3.1 Fighting
 * Level 2.3 Long Blades
 + Level 2.0 Dodging
 + Level 7.4 Stealth


You had 2 spell levels left.
You didn't know any spells.
Your spell library was empty.

Dungeon Overview and Level Annotations

Branches:
Dungeon (5/15)
 Temple: D:4-7

Altars:


Innate Abilities, Weirdness & Mutations

You cannot wear most types of armour.
You are amphibious.
You can wear up to eight rings at the same time.
Your skin changes colour to match your surroundings (Stealth+).
Your rubbery body absorbs attacks. (AC +1, EV +1)
((You are camouflaged when in or above water. (Stealth+)))
You have tentacles for arms and can constrict up to eight enemies at once.


Message History

Press ? for a list of commands and other information.
Found a stone staircase leading down.
Found a pair of gloves.
g - a scroll labelled JUKKAA ENUVEW A hound comes into view.
An iguana comes into view.
The hound barks!
You hit the hound. You grab the hound.
Your tentacle-slap misses the hound.
You squeeze the hound!
You kill the hound!
Your Stealth skill increases to level 7!
You have reached level 2!
You have reached level 3!
Your experience leads to an increase in your attributes!
Increase (S)trength, (I)ntelligence, or (D)exterity?
You feel agile. x2
You hit the iguana but do no damage. Your grab misses the iguana.
You squeeze the iguana.
The iguana is moderately wounded.
The iguana bites you!
Ouch! That really hurt!
You are too injured to fight recklessly!
You are too injured to fight recklessly!
You are too injured to fight recklessly!
You completely miss the iguana. You grab the iguana. You squeeze the iguana.
The iguana is severely wounded.
You constrict the iguana. The iguana closely misses you.
You hit the iguana but do no damage.
The iguana is severely wounded.
You constrict the iguana, but do no damage.
The iguana bites you.
You hit the iguana but do no damage.
The iguana is severely wounded.
You constrict the iguana. The iguana misses you.
You hit the iguana but do no damage.
You squeeze the iguana, but do no damage.
The iguana is almost dead.
You constrict the iguana, but do no damage.
The iguana bites you!
You die...

#.##.
###.#.#
#.....#
#.....# ##
#.....# #.#
#.....# #.#
#.#.....##.#
#.......#.#
...
#..###.l@#
..# ...
#..## ..# #
#.###.## #.#
#.....# #.#
###.#.#
##.## #.#.#
#.####...# #
#.#
#.[.......
#.#
#####...#
#.# ##.##


You could see an iguana.

Vanquished Creatures
  A hound (D:5)
1 creature vanquished.

Notes
Turn   | Place    | Note
-------+----------+-------------------------------------------
     0 | D:5      | mopl the Octopode Delver began the quest for the Orb.
     0 | D:5      | Reached XP level 1. HP: 16/16 MP: 1/1
    38 | D:5      | Noticed a hound
    43 | D:5      | Noticed an iguana
    44 | D:5      | Killed a hound
    45 | D:5      | Reached skill level 7 in Stealth
    45 | D:5      | Reached XP level 2. HP: 21/21 MP: 2/2
    45 | D:5      | Reached XP level 3. HP: 26/26 MP: 3/3
    53 | D:5      | Slain by an iguana

Illustrated notes

Levels and vault maps discovered:
D:5:      layout_loops_ring

Skill      XL: |  1 |
---------------+----+-----
Stealth        | 7 |  7.4
Fighting       | |  3.1
Long Blades    | |  2.3
Dodging        | |  2.0

Action                   || total
-------------------------++-------
Melee: Falchion          ||     6
       Tentacles         ||     4
       Constrict         ||     2
Dodge: Dodged            ||     2
